 Dungeon Crawl Stone Soup version 0.30-a0-305-g026cb31310 (webtiles) character file.

Game seed: 208100646791198154

168 Zonian the Magician (level 5, -1/35 HPs)
             Began as a Djinni Ice Elementalist on Oct 22, 2022.
             Slain by Ijyb
             ... wielding a +0 dagger
              (3 damage)
             ... on level 3 of the Dungeon.
             The game lasted 00:07:14 (4925 turns).

Zonian the Magician (Djinni Ice Elementalist)       Turns: 4925, Time: 00:07:15

Health: -1/35      AC:  2    Str:  7    XL:     5   Next: 78%
Gold:   57         EV: 13    Int: 18    God:
                   SH:  0    Dex: 14

rFire   + + .      SeeInvis .    c - +0 dagger (flame)
rCold   x . .      Faith    .    (no shield)
rNeg    . . .      Spirit   .    a - +0 robe
rPois   ∞          Reflect  .    (no helmet)
rElec   .          Harm     .    (no cloak)
rCorr   .          Rampage  .    (no gloves)
Will    .....                    (boots unavailable)
Stlth   ++........               (no amulet)
HPRegen 0.25/turn                (no ring)
MPRegen 0.00/turn                (no ring)

@: flying
A: sickness immunity, fire resistance 2, cold vulnerability 1, float, innate
caster, HP casting, extra vitality 1
a: no special abilities


You were on level 3 of the Dungeon.
You visited 1 branch of the dungeon, and saw 3 of its levels.

You collected 57 gold pieces.

Inventory:

Hand Weapons
 c - a +0 dagger of flaming (weapon)
 g - a +0 sling
Armour
 a - a +0 robe (worn)
Potions
 e - a potion of haste
 l - a potion of invisibility {unknown}
 m - a potion of might {unknown}


   Skills:
 + Level 3.8 Dodging
 + Level 3.1 Stealth
 + Level 4.0 Spellcasting


You couldn't memorise any spells.
You knew the following spells:

 Your Spells              Type           Power      Damage    Failure   Level
a - Freeze                Ice            72%        1d8       2%          1
b - Frozen Ramparts       Ice            36%        1d6       9%          3
c - Ozocubu's Armour      Ice            18%        N/A       9%          3
d - Summon Ice Beast      Ice/Summ       18%        N/A       28%         4
e - Foxfire               Conj/Fire      72%        2x1d7     2%          1
f - Blink                 Tloc           36%        N/A       4%          2
Your spell library was empty.

Dungeon Overview and Level Annotations

Branches:
Dungeon (3/15)

Altars:
Hepliaklqana
Okawaru
Trog
Wu Jian

Annotations:
D:3 2 transporters, Ijyb, Natasha


Innate Abilities, Weirdness & Mutations

You are immune to sickness and miasma.
You are immune to poison.
Your flesh is very heat resistant. (rF++)
You are vulnerable to cold. (rC-)
You float through the air rather than walking.
You learn spells naturally, not from books.
Your magical power is your life essence.
You have superior vitality. (+4 MHP)


Message History

Unknown command.
You closely miss Ijyb.
Ijyb is heavily wounded.
The foxfire hits Ijyb but does no damage.
Ijyb is heavily wounded.
The foxfire hits Ijyb.
Ijyb is severely wounded.
Ijyb closely misses you.
Casting: Foxfire (safe; 2% risk of failure)
Confirm with . or Enter, or press ? or * to list all spells.
You conjure some foxfire!
* * * LOW HITPOINT WARNING * * *
Ijyb barely misses you.
Unknown command.
You closely miss Ijyb.
Ijyb is severely wounded.
The foxfire hits Ijyb but does no damage.
Ijyb is severely wounded.
The foxfire hits Ijyb but does no damage.
Ijyb is severely wounded.
Ijyb closely misses you.
Casting: Foxfire (safe; 2% risk of failure)
Confirm with . or Enter, or press ? or * to list all spells.
You conjure some foxfire!
* * * LOW HITPOINT WARNING * * *
Ijyb completely misses you.
Unknown command.
You hit Ijyb but do no damage.
Ijyb is severely wounded.
The foxfire hits Ijyb but does no damage.
Ijyb is severely wounded.
The foxfire hits Ijyb but does no damage.
Ijyb is severely wounded.
Ijyb closely misses you.
Casting: Foxfire (safe; 2% risk of failure)
Confirm with . or Enter, or press ? or * to list all spells.
You conjure some foxfire!
* * * LOW HITPOINT WARNING * * *
Ijyb hits you with a +0 dagger.
You die...

##### #.# ####.# ####### #.## ##
#######.######.# #.....# #.## .#
_.....#........###.....# #... .#
......'..###...........# #... .#
_.....#<####...###>....# ###. .#
##### #.##....#.##.....# #.
.####### #.##.#...######### ##
.#...#.# #.##.#v.## # .#...#.#
#.....g@# # .##.##.# #.##.#v### #
.......# #......#.## # ......##
####.##.#.## ##########
.##....######...###.# #.........
....#..#......##.#.#####.########
.##.......[##..##...<....#
.####..#.#)##...##########
.####....#..[....#


You could see Ijyb (ally target).

Vanquished Creatures
  Natasha (twice) (D:3)
  A gnoll (D:2)
  3 adders
  A dart slug (D:3)
  7 orcs (D:3)
  6 bats
  3 endoplasms
  5 giant cockroaches
  2 goblins (D:2)
  4 hobgoblins
  11 jackals
  A quokka (D:2)
  6 ball pythons
  8 frilled lizards
  7 kobolds
  4 rats
71 creatures vanquished.

Vanquished Creatures (others)
  104 foxfires
104 creatures vanquished.

Grand Total: 175 creatures vanquished

Notes
Turn   | Place    | Note
-------+----------+-------------------------------------------
     0 | D:1      | Zonian the Djinni Ice Elementalist began the quest for the
                  | Orb.
     0 | D:1      | Zonian set off with the following spells memorised: Freeze,
                  | Frozen Ramparts, Ozocubu's Armour, Summon Ice Beast.
     0 | D:1      | Reached XP level 1. HP: 15/15 MP: 0/0
   107 | D:1      | Reached XP level 2. HP: 20/21 MP: 0/0
   662 | D:1      | Reached XP level 3. HP: 18/25 MP: 0/0
   662 | D:1      | Learned a level 1 spell: Foxfire
   892 | D:1      | You are sucked into a shaft and drop 1 floor!
  1619 | D:1      | Found a faded altar of an unknown god.
  1952 | D:2      | Found a hazy altar of Hepliaklqana.
  1974 | D:2      | Reached XP level 4. HP: 27/31 MP: 0/0
  2543 | D:3      | Found an ornate altar of the Wu Jian Council.
  3267 | D:3      | Noticed Natasha
  3277 | D:3      | Killed Natasha
  3278 | D:3      | Reached XP level 5. HP: 24/35 MP: 0/0
  3278 | D:3      | Learned a level 2 spell: Blink
  3282 | D:3      | Noticed Natasha
  3298 | D:3      | Killed Natasha
  3655 | D:3      | Reached skill level 4 in Spellcasting
  3667 | D:3      | Found a transporter.
  3671 | D:3      | Noticed an ice beast
  3672 | D:3      | Noticed a black bear
  3674 | D:3      | Found a transporter.
  3763 | D:3      | Noticed Natasha
  3957 | D:3      | Found a bloodstained altar of Trog.
  3957 | D:3      | Found an iron altar of Okawaru.
  3957 | D:3      | Noticed Ijyb
  4925 | D:3      | Slain by Ijyb

Illustrated notes

Levels and vault maps discovered:
D:1:      dpeg_arrival_round_c, layout_basic,
          dilly_ecumenical_altar_fadedgnrine, grunt_decor_fettered,
          minmay_pentomino_u2
D:2:      layout_loops_cross, basic_altar
D:3:      layout_loops_cross, grunt_temple_overflow_bloody_war,
          gammafunk_temple_overflow_arena, minmay_cupped, uniq_natasha,
          uniq_ijyb

Skill      XL: |  1  2  3  4  5 |
---------------+----------------+-----
Stealth        | 2 3 |  3.1
Dodging        | 3 |  3.8
Spellcasting   | 4 |  4.0

Action                   |  1- 3 |  4- 6 || total
-------------------------+-------+-------++-------
Melee: Unarmed           |    10 |       ||    10
       Dagger            |    25 |    58 ||    83
 Cast: Freeze            |    37 |       ||    37
       Foxfire           |    10 |    53 ||    63
  Use: Scroll            |       |     7 ||     7
 Stab: Sleeping          |     1 |     3 ||     4
Armor: Robe              |    17 |     4 ||    21
Dodge: Dodged            |    47 |    62 ||   109

Table legend: (Time is in decaauts)
 A = Elapsed time spent in this place.
 B = Non-inter-level travel time spent in this place.
 C = Inter-level travel time spent in this place.
 D = Time resting spent in this place.
 E = Time spent auto-exploring this place.
 F = Levels seen in this place.
 G = Mean time per level.
                   A        B        C        D        E       F      G
               +--------+--------+--------+--------+--------+-----+--------+
         Total |   4925 |   4780 |    145 |   2292 |   1879 |   3 | 1641.7 |
       Dungeon |   4925 |   4780 |    145 |   2292 |   1879 |   3 | 1641.7 |
               +--------+--------+--------+--------+--------+-----+--------+

Top non-repeatable levels by time:
     D:2: 2117 daAuts
     D:1: 1549 daAuts
     D:3: 1259 daAuts
